Map: Eternal Empire LE

Players

ghostface - Winner!

  • Race: Zerg Zerg
  • League: Master
  • Spawn Location: 7:00

Chief

  • Race: Terran Terran
  • League: Master
  • Spawn Location: 1:00

VOD

Have the link to the VOD?

Description

Time

  • Played on: Sept. 12, 2020, 10:48 p.m.
  • Length: 13:26
Show
View Real Time Build Order
Export as new Build Order

ghostface Zerg - Winner!

Build Orders: Hatch First 

Get SALT Encoding   

  12  0:01  Drone  
  13  0:12  Overlord  
  13  0:17  Drone  
  14  0:30  Drone x2  
  16  0:49  Hatchery  
  15  0:52  Drone  
  15  0:55  Drone  
  17  0:59  Drone  
  18  1:10  Extractor  
  17  1:15  Spawning Pool  
  17  1:17  Drone  
  17  1:21  Drone  
  18  1:27  Drone  
  19  1:38  Drone  
  20  1:49  Overlord  
  20  2:02  Queen x2  
  20  2:03  Zergling x4  
  26  2:11  Drone  
  27  2:16  Drone  
  28  2:26  Drone x2  
  30  2:35  Overlord  
  30  2:37  Queen  
  30  2:38  Queen  
  30  2:41  Spore Crawler  
  33  2:48  Drone x2  
  33  2:50  Extractor  
  34  2:52  Drone  
  37  2:58  Metabolic Boost  
  37  3:00  Drone x2  
  37  3:05  Drone  
  40  3:08  Drone  
  41  3:20  Overlord  
  41  3:28  Drone x3  
  41  3:29  Overlord x3  
  44  3:41  Hatchery  
  43  3:47  Overlord  
  43  3:48  Drone x2  
  44  3:51  Drone x3  
  44  3:52  Drone x2  
  49  3:57  Baneling Nest  
  49  3:58  Zergling x4  
  49  4:05  Queen  
  52  4:10  Zergling x4  
  52  4:12  Lair  
  53  4:17  Zergling x6  
  53  4:20  Zergling x2  
  53  4:21  Zergling x2  
  53  4:23  Overlord  
  58  4:26  Extractor  
  58  4:38  Drone x4  
  61  4:52  Drone  
  62  4:53  Drone x3  
  62  4:55  Queen  
  62  4:56  Queen  
  62  4:59  Drone x6  
  75  5:04  Overlord  
  75  5:06  Spore Crawler  
  74  5:07  Spore Crawler  
  74  5:10  Spore Crawler  
  74  5:11  Overseer  
  72  5:18  Evolution Chamber x2  
  72  5:19  Drone x4  
  74  5:29  Overlord  
  74  5:30  Drone x6  
  80  5:37  Drone x2  
  80  5:46  Drone x5  
  80  5:49  Zerg Melee Weapons Level 1, Extractor  
  84  5:50  Zerg Ground Armor Level 1  
  84  5:54  Extractor  
  84  5:55  Centrifical Hooks  
  84  5:56  Extractor  
  82  6:05  Overlord  
  82  6:06  Drone x2  
  82  6:07  Drone x5  
  89  6:18  Hatchery  
  88  6:21  Extractor  
  87  6:28  Drone  
  87  6:29  Overlord, Drone  
  87  6:31  Drone x3  
  87  6:32  Zergling x6  
  95  6:37  Hatchery  
  95  6:39  Hydralisk Den  
  93  6:40  Drone, Zergling x2  
  95  6:50  Zergling x12  
  101  7:00  Overlord  
  101  7:01  Zergling x4  
  102  7:04  Overseer  
  103  7:15  Overlord  
  102  7:16  Zergling x10  
  102  7:18  Grooved Spines  
  102  7:21  Overseer  
  107  7:28  Zergling x2  
  107  7:29  Zergling x6  
  111  7:43  Overlord  
  111  7:44  Drone x9  
  115  7:48  Zerg Melee Weapons Level 2  
  115  7:49  Zerg Ground Armor Level 2  
  119  7:52  Drone  
  119  7:53  Drone x6  
  119  7:54  Infestation Pit  
  119  7:56  Hydralisk  
  127  8:02  Overlord  
  127  8:03  Hydralisk x8  
  143  8:06  Baneling x2  
  143  8:07  Baneling x13  
  143  8:08  Zergling x2  
  144  8:21  Hatchery  
  144  8:25  Hatchery  
  142  8:29  Muscular Augments  
  142  8:32  Hive  
  142  8:35  Overlord, Hydralisk  
  142  8:36  Hydralisk x4  
  142  8:37  Zergling x2  
  152  9:08  Zergling x2  
  152  9:09  Zergling x30  
  167  9:17  Drone, Unknown  
  167  9:20  Overlord  
  167  9:24  Overlord x2  
  167  9:34  Overlord x4  
  167  9:43  Zergling x4  
  167  9:44  Zergling x28  
  183  9:47  Adrenal Glands  
  183  9:49  Zergling x4  
  183  9:51  Ultralisk Cavern, Zergling x2  
  185  10:04  Zergling x16  
  168  10:09  Zergling x8  
  167  10:17  Zergling x16  
  167  10:19  Zerg Ground Armor Level 3, Zerg Melee Weapons Level 3  
  167  10:20  Zergling x2  
  176  10:21  Baneling  
  176  10:22  Baneling x16  
  176  10:23  Zergling x4  
  169  10:30  Zergling x2  
  169  10:31  Zergling x12  
  161  10:37  Zergling x2  
  161  10:38  Chitinous Plating  
  159  10:43  Spire  
  159  10:47  Hydralisk x7  
  159  10:49  Zergling x4  
  174  10:50  Zergling x2  
  175  10:57  Spore Crawler  
  175  11:00  Drone x3, Spine Crawler  
  175  11:01  Spore Crawler  
  175  11:02  Spine Crawler  
  173  11:07  Overlord x2  
  173  11:13  Overlord  
  173  11:14  Extractor  
  173  11:16  Baneling x3  
  173  11:17  Baneling x6, Extractor  
  173  11:18  Baneling x3  
  167  11:45  Overlord  
  167  11:46  Ultralisk x2  
  167  11:47  Ultralisk x2  
  191  11:56  Zergling x16  
  191  11:57  Anabolic Synthesis  
  193  12:10  Zergling x12  
  193  12:11  Zergling x18  
  193  12:14  Zergling x4  
  193  12:15  Zergling x4  
  196  12:19  Zergling x2  
  196  12:20  Zergling x8  
  187  12:27  Zergling x16  
  192  12:31  Zergling x8  
  192  12:34  Baneling x6  
  196  12:49  Zergling x6  
  188  12:58  Zergling x2  
  188  12:59  Zergling x22  
  188  13:04  Hatchery  
Show
View Real Time Build Order
Export as new Build Order

Chief Terran 

Build Orders: Reaper Expand 

Get SALT Encoding   

  12  0:00  SCV  
  13  0:12  SCV  
  14  0:18  Supply Depot  
  14  0:24  SCV  
  15  0:39  SCV  
  15  0:41  Barracks  
  16  0:46  Refinery  
  16  0:51  SCV  
  17  1:03  SCV  
  18  1:16  SCV  
  19  1:29  Orbital Command  
  19  1:31  Reaper  
  20  1:44  Command Center  
  20  1:54  Supply Depot  
  20  1:55  SCV  
  21  2:02  Marine  
  22  2:09  Factory  
  22  2:12  SCV  
  23  2:20  Supply Depot  
  23  2:25  SCV  
  23  2:27  Barracks Reactor  
  24  2:30  Refinery  
  24  2:37  SCV  
  25  2:49  SCV  
  26  2:58  Orbital Command  
  26  3:01  SCV  
  27  3:08  Starport  
  27  3:11  Hellion  
  29  3:15  Barracks Tech Lab  
  29  3:18  SCV  
  30  3:25  Hellion  
  32  3:32  Hellion  
  34  3:34  SCV  
  34  3:35  Orbital Command  
  35  3:46  SCV  
  36  3:58  SCV  
  37  4:04  Hellion x2  
  37  4:05  Supply Depot  
  41  4:10  SCV  
  41  4:12  Cloaking Field  
  41  4:13  Banshee  
  41  4:14  Barracks Tech Lab  
  41  4:15  SCV  
  46  4:23  Supply Depot  
  46  4:27  SCV x2  
  48  4:34  Stimpack  
  48  4:39  SCV x2, Factory Reactor  
  48  4:40  Marine  
  51  4:47  Command Center  
  51  4:50  Supply Depot  
  51  4:51  SCV  
  52  4:59  Banshee  
  55  5:02  SCV  
  55  5:06  Barracks  
  56  5:08  SCV  
  56  5:09  Barracks  
  56  5:11  Marine  
  58  5:14  SCV  
  58  5:20  SCV, Refinery  
  58  5:21  Engineering Bay, Supply Depot  
  60  5:23  Engineering Bay  
  60  5:26  SCV  
  61  5:32  SCV  
  61  5:34  Marine  
  63  5:36  Factory Tech Lab  
  63  5:38  SCV  
  64  5:42  Refinery  
  64  5:44  SCV  
  65  5:56  SCV  
  66  6:03  Starport Reactor  
  66  6:05  SCV  
  66  6:06  Terran Infantry Weapons Level 1, Barracks  
  66  6:08  Barracks  
  66  6:11  Armory  
  67  6:14  Marine x5, Supply Depot  
  67  6:17  Combat Shield  
  72  6:23  Siege Tank  
  76  6:25  SCV x2  
  76  6:28  Terran Infantry Armor Level 1  
  77  6:33  Orbital Command  
  77  6:37  SCV  
  77  6:38  SCV  
  79  6:44  Marine x4  
  83  6:50  SCV x2  
  85  6:56  Barracks Tech Lab  
  85  6:57  Medivac x2  
  85  6:58  SCV  
  90  7:02  SCV x2, Marine  
  90  7:03  Marine x2  
  90  7:04  Supply Depot  
  95  7:16  Marine  
  95  7:17  Marauder, Marine  
  95  7:18  Marauder  
  101  7:26  SCV x3, Supply Depot  
  101  7:27  Supply Depot  
  101  7:28  Supply Depot  
  104  7:38  SCV x3  
  104  7:40  Marine x2  
  104  7:44  Concussive Shells  
  109  7:47  Marine x5  
  109  7:50  SCV x3, Refinery  
  117  7:51  Refinery  
  117  7:53  Supply Depot  
  117  7:55  Supply Depot  
  117  7:57  Siege Tank  
  117  7:58  Medivac x2, Marine x2  
  123  8:02  SCV x2  
  123  8:04  Terran Infantry Weapons Level 2  
  123  8:05  Marine  
  129  8:06  Marauder  
  131  8:14  Supply Depot  
  131  8:15  Marine  
  131  8:16  Marine x4  
  134  8:20  Supply Depot  
  134  8:21  SCV, Supply Depot  
  134  8:22  Supply Depot  
  134  8:23  Marauder  
  134  8:24  Terran Infantry Armor Level 2  
  134  8:26  SCV, Marine  
  139  8:36  Marine x4  
  139  8:37  Marauder  
  139  8:38  SCV  
  139  8:40  Medivac x2  
  150  8:46  SCV  
  151  8:52  Marine x2  
  151  8:53  Marine  
  151  8:54  Marine x2  
  156  8:56  Marine  
  156  8:58  Siege Tank, Marauder  
  159  9:03  SCV  
  159  9:09  Factory  
  156  9:10  Marauder  
  156  9:12  Command Center  
  156  9:15  Marine  
  156  9:16  Marauder, Marine x2  
  163  9:28  Marine  
  163  9:29  Medivac x2, Marauder  
  170  9:37  Siege Tank, Barracks x2, Marine  
  170  9:38  Barracks, Marine x4  
  178  9:45  Marine  
  178  9:50  Marauder  
  181  10:01  Medivac  
  181  10:02  Marauder  
  150  10:07  Marine  
  150  10:08  Marine x4  
  150  10:11  Marauder  
  150  10:13  Factory Tech Lab, Siege Tank  
  131  10:14  SCV  
  132  10:23  Marine  
  133  10:29  Marine  
  133  10:30  Barracks Reactor, Barracks Tech Lab, Marine x4  
  133  10:31  SCV  
  133  10:35  SCV, Siege Tank  
  139  10:39  SCV, Marine  
  139  10:40  Medivac x2, Marauder  
  144  10:43  SCV, Marine  
  144  10:47  SCV  
  147  10:55  Marine x5  
  147  10:56  SCV, Marine  
  154  10:57  Marauder  
  154  11:00  Supply Depot  
  154  11:01  Marine  
  154  11:02  Marauder, Planetary Fortress  
  154  11:04  SCV x2  
  160  11:07  Siege Tank  
  160  11:09  Marine  
  160  11:10  Medivac x2  
  164  11:12  SCV  
  164  11:13  Marine x4  
  164  11:14  Marauder  
  164  11:16  SCV x2  
  173  11:19  Marauder  
  173  11:24  SCV  
  176  11:31  Marine x5  
  176  11:32  Marauder  
  183  11:41  SCV  
  183  11:42  SCV x3, Marine  
  183  11:44  Medivac, Siege Tank x2  
  183  11:45  Medivac  
  196  11:54  SCV  
  197  11:55  Marine  
  198  12:04  Marine  
  198  12:05  Marine  
  198  12:06  Missile Turret  
  174  12:18  Marine x7  
  174  12:19  Siege Tank, Marauder  
  174  12:20  Siege Tank  
  173  12:28  Marine  
  171  12:31  Marine x2  
  171  12:33  SCV  
  171  12:36  Marine  
  176  12:37  Marauder x2, Marine x4  
  176  12:40  Marine  
  181  12:46  Medivac x2, Marine  
  181  12:49  Marine x2  
  188  12:54  Marine  
  188  12:55  Marine  
  188  12:58  Marauder x2  
Tags
 
Add a new tag
Caveats
  • Supply blocks, unpowered buildings, or Contaminate may cause inaccurate times.
  • Supply counts are checked every 10 seconds.